 Dungeon Crawl Stone Soup version 0.20-a0-513-g02c11fc (webtiles) character file.

6933 AlphabetPasta the Slicer (level 11, -1/66 HPs)
             Began as a Kobold Gladiator on Jan 22, 2017.
             Was a Follower of Ashenzari.
             Slain by an ice devil (14 damage)
             ... in an ice cave on Jan 23, 2017.
             The game lasted 01:05:00 (11449 turns).

AlphabetPasta the Slicer (Kobold Gladiator)        Turns: 11449, Time: 01:05:02

Health: -1/66      AC:  9    Str: 12    XL:     11   Next: 27%
Magic:  16/16      EV: 22    Int: 11    God:    Ashenzari [*.....]
Gold:   296        SH:  0    Dex: 24    Spells: 7/17 levels left

rFire    . . .     SeeInvis .   O - +2 dagger (chaos)
rCold    . . .     Gourm    .   d - +2 robe {MR+} (curse)
rNeg     . . .     Faith    .   (shield restricted)
rPois    +         Spirit   .   c - +1 helmet
rElec    .         Reflect  .   e - +1 cloak
rCorr    .         Harm     .   w - +0 pair of gloves
MR       +....                  (no boots)
Stlth    +++++.....             (no amulet)
Regen    0.3/turn               u - ring of poison resistance
                                I - +6 ring of dexterity

@: studying Poison Magic
A: carnivore 3
a: Curse Item, Scrying, Renounce Religion


You were in an ice cave.
You worshipped Ashenzari.
Ashenzari was aware of your devotion.
You were very full.

You visited 2 branches of the dungeon, and saw 12 of its levels.
You also visited: Ice Cave.

You collected 461 gold pieces.
You spent 165 gold pieces at shops.

Inventory:

Hand Weapons
 a - a +1 rapier
 O - a +2 dagger of chaos (weapon)
Missiles
 k - 5 exploding tomahawks (quivered)
 n - 5 curare-tipped needles
 H - 9 tomahawks
Armour
 b - a +0 leather armour
 c - a +1 helmet (worn)
 d - a cursed +2 robe of magic resistance (worn)
 e - a +1 cloak (worn)
 r - a +0 robe
 w - a +0 pair of gloves (worn)
Jewellery
 j - an uncursed ring of protection from fire
 o - an uncursed ring of flight
 u - a ring of poison resistance (right hand)
 D - an uncursed ring of see invisible
 I - a +6 ring of dexterity (left hand)
Wands
 x - a wand of scattershot (2/9)
 A - a wand of lightning (9/15)
 F - a wand of digging (15/24)
 J - a wand of disintegration (8/24)
 K - a wand of iceblast (6/15)
 P - a wand of flame (4/48)
Scrolls
 i - a scroll of fear
 m - 4 scrolls of teleportation
 q - a scroll of enchant armour
 y - 2 scrolls of magic mapping
 B - a scroll of amnesia
 C - 4 scrolls of remove curse
Potions
 g - 5 potions of brilliance
 h - a potion of flight {unknown}
 l - 6 potions of curing
 p - a potion of ambrosia {unknown}
 s - 3 potions of heal wounds
 t - 2 potions of magic {unknown}
 v - 2 potions of mutation {unknown}
 E - 3 potions of might
 G - a potion of beneficial mutation {unknown}
Books
 z - a book of Maledictions

   Spells                             Type                      Level
   a - Corona                         Hexes                        1
   b - Ensorcelled Hibernation        Hexes/Ice                    2
   c - Confuse                        Hexes                        3
   d - Tukima's Dance                 Hexes                        3
   e - Dazzling Spray                 Conjuration/Hexes            3
 L - a manual of Poison Magic
 M - a book of Air

   Spells                             Type                      Level
   a - Shock                          Conjuration/Air              1
   b - Swiftness                      Charms/Air                   2
   c - Repel Missiles                 Charms/Air                   2
   d - Static Discharge               Conjuration/Air              3
   e - Lightning Bolt                 Conjuration/Air              5
Comestibles
 f - 7 meat rations


   Skills:
 + Level 6.8 Fighting
 * Level 11.3 Short Blades
 - Level 6.0 Throwing
 + Level 7.6 Dodging
 * Level 11.3 Stealth
 * Level 3.7 Spellcasting
 - Level 2.0 Conjurations
 * Level 3.9 Hexes
 + Level 2.9 Ice Magic
 - Level 0.5 Evocations


You had 7 spell levels left.
You knew the following spells:

 Your Spells              Type           Power        Failure   Level  Hunger
a - Ensorcelled Hibernat  Hex/Ice        #.....       12%         2    ##.....
b - Confuse               Hex            ##......     17%         3    ###....
c - Dazzling Spray        Conj/Hex       #.....       24%         3    ###....
d - Repel Missiles        Chrm/Air       #.....       43%         2    ##.....


Dungeon Overview and Level Annotations

Branches:
Dungeon (11/15)            Temple (1/1) D:7            Lair (0/6) D:8
    Orc: D:9-12

Altars:
Ashenzari
Cheibriados
Dithmenos
Elyvilon
Fedhas
Gozag
Hepliaklqana
Kikubaaqudgha
Makhleb
Nemelex Xobeh
Okawaru
Qazlal
Ru
Sif Muna
Trog
Uskayaw
Vehumet
Xom
Yredelemnul
Zin
The Shining One

Shops:
D:4 =

Annotations:
IceCv exclusion: 2 ice statues


Innate Abilities, Weirdness & Mutations

You are small and have problems with some larger weapons.
You are carnivorous and can eat meat at any time.


Message History

Press: ? - help, Shift-Dir - straight line, f/p - ice devil
Aim: an ice devil (lightly wounded)
The burst of metal fragments hits the ice devil. x4
The ice devil is lightly wounded.
Evoking this partially-identified wand wasted a few charges.
Evoke which item? (* to show all) (? for menu, Esc to quit)
Aiming: Scattershot (will waste charges)
Press: ? - help, Shift-Dir - straight line, f/p - ice devil
Aim: an ice devil (lightly wounded)
The burst of metal fragments hits the ice devil. x5
The ice devil is lightly wounded.
Evoking this partially-identified wand wasted a few charges.
The ice devil misses you.
You hit the ice devil.
The ice devil is moderately wounded.
The ice devil hits you. The ice devil freezes you! The ice devil hits you!
The ice devil freezes you! The ice devil hits you!
* * * LOW HITPOINT WARNING * * *
The ice devil freezes you!
You die...

##.... ##.......
#........ ####
8........ ##..##
##........
##....######.........
#....4..##...........
#..∩@4............⌠..
#....4...............
##....##..##.........
##..########........
#### 8........
#........ ##.......
##..... #####


You could see 3 ice devils.

Vanquished Creatures
  A gargoyle (D:10)
  An ice devil (IceCv)
  A wraith (D:7)
  A spriggan (D:7)
  A wyvern (D:10)
  5 yaks
  Duvessa (D:4)
  A porcupine (D:8)
  A sky beast (D:9)
  5 orc warriors
  An ice beast (D:7)
  4 ogres
  A phantom (D:8)
  2 black bears
  4 centaurs
  An elf zombie (D:7)
  A crocodile (D:7)
  3 bullfrogs
  Dowan (D:4)
  A wyvern skeleton (D:11)
  11 scorpions
  A jelly (D:10)
  2 wights (D:7)
  3 howler monkeys
  A bullfrog zombie (D:8)
  2 centaur zombies
  2 crimson imps
  4 human zombies (D:7)
  5 hounds
  9 orc priests
  6 orc wizards
  2 bullfrog skeletons
  A human skeleton (D:7)
  4 iguanas
  7 worker ants
  2 hound zombies
  2 hound skeletons
  3 mummies (D:7)
  11 adders
  2 shadow imps
  12 white imps
  An ooze (D:1)
  An adder skeleton (D:7)
  2 worms
  2 dart slugs
  5 leopard geckos
  34 orcs
  9 bats
  6 giant cockroaches
  7 goblins
  7 hobgoblins
  9 jackals
  4 quokkas
  2 ball pythons
  3 frilled lizards
  A jackal skeleton (D:4)
  6 kobolds
  A quokka skeleton (D:4)
  A quokka zombie (D:8)
  5 rats
235 creatures vanquished.

Vanquished Creatures (others)
  Psyche (D:10)
  A bat (D:2)
  A bush (D:6)
  9 fungi
  3 plants (D:5)
15 creatures vanquished.

Grand Total: 250 creatures vanquished

Notes
Turn   | Place    | Note
-------+----------+-------------------------------------------
     0 | D:1      | AlphabetPasta the Kobold Gladiator began the quest for the Orb.
     0 | D:1      | Reached XP level 1. HP: 12/12 MP: 1/1
   156 | D:1      | Reached skill level 1 in Stealth
   174 | D:1      | Reached XP level 2. HP: 17/17 MP: 2/2
   607 | D:1      | Reached XP level 3. HP: 13/22 MP: 3/3
   877 | D:2      | Found a white marble altar of Elyvilon.
  1567 | D:2      | Reached XP level 4. HP: 21/27 MP: 4/4
  2098 | D:2      | Reached skill level 5 in Short Blades
  2302 | D:2      | Reached XP level 5. HP: 17/32 MP: 5/5
  2877 | D:4      | Reached XP level 6. HP: 36/37 MP: 6/6
  2983 | D:4      | Noticed an ogre
  2992 | D:4      | Killed an ogre
  2993 | D:4      | Found Rili's Jewellery Emporium.
  3136 | D:4      | Noticed Dowan
  3193 | D:3      | Reached skill level 5 in Stealth
  3193 | D:3      | Reached XP level 7. HP: 17/41 MP: 7/7
  3445 | D:4      | Noticed Duvessa
  3462 | D:4      | Killed Duvessa
  3591 | D:4      | Killed Dowan
  3799 | D:4      | Found a sacrificial altar of Ru.
  3808 | D:5      | Entered Level 5 of the Dungeon
  3923 | D:5      | Found a glowing silver altar of Zin.
  3948 | D:5      | Reached skill level 5 in Dodging
  4224 | D:5      | Reached XP level 8. HP: 47/48 MP: 8/8
  4340 | D:4      | Bought an uncursed ring of see invisible for 165 gold pieces
  4532 | D:5      | Learned a level 2 spell: Ensorcelled Hibernation
  4536 | D:5      | Learned a level 3 spell: Dazzling Spray
  4955 | D:6      | Reached skill level 1 in Spellcasting
  5766 | D:6      | Reached XP level 9. HP: 53/53 MP: 11/11
  5871 | D:6      | Reached skill level 5 in Fighting
  5876 | D:6      | Learned a level 3 spell: Confuse
  6092 | D:7      | Reached skill level 1 in Hexes
  6269 | D:7      | Found an ancient bone altar of Kikubaaqudgha.
  6291 | D:7      | Learned a level 3 spell: Confuse
  6360 | D:7      | Found a burning altar of Makhleb.
  6499 | D:7      | Reached skill level 5 in Throwing
  6499 | D:7      | Reached skill level 1 in Ice Magic
  6692 | D:7      | Found a staircase to the Ecumenical Temple.
  6707 | Temple   | Entered the Ecumenical Temple
  6817 | Temple   | Became a worshipper of Ashenzari the Shackled
  7195 | D:7      | Reached XP level 10. HP: 58/60 MP: 12/12
  7236 | D:7      | Reached skill level 1 in Conjurations
  7428 | D:7      | Reached skill level 10 in Short Blades
  7693 | D:8      | Reached skill level 10 in Stealth
  7867 | D:8      | Found a staircase to the Lair.
  7886 | D:8      | Found a shadowy altar of Dithmenos.
  8778 | D:9      | Reached * piety under Ashenzari
  9962 | D:10     | Entered Level 10 of the Dungeon
 10135 | D:10     | Reached XP level 11. HP: 66/66 MP: 8/15
 10213 | D:10     | Learned a level 2 spell: Repel Missiles
 10592 | D:10     | Noticed Psyche
 10601 | D:10     | Killed Psyche
 10973 | D:11     | Found a frozen archway.
 11372 | IceCv    | Entered an ice cave
 11449 | IceCv    | Slain by an ice devil

Vault maps used:
D:1:      elethiomel_arrival_maze, grunt_decor_fettered
D:2:      elyvilon_altar_4, patterned_corridor
D:3:      kennysheep_generic_room_8
D:4:      kennysheep_mini_moat, serial_shops, shop, uniq_duvessa
D:5:      wad_lake_hut, zin_academy, first_bread, kennysheep_generic_room_6
D:6:      kb_lookout_dungeons_type
D:7:      old_forge, lemuel_mausoleum_altar_kikubaaqudgha, lemuel_crystal_altar,
          hangedman_decor_opposing, the_bakery
D:8:      nicolae_dithmenos_through_a_glass_darkly,
          grunt_lair_entry_orc_guard_hut, hex_intersection, dk_vineyard_2
D:10:     uniq_psyche
D:11:     portal_ice_cave_entry_imps, serial_shops, shop, uniq_snorg
Temple:   regret_index_temple_waves
IceCv:    ice_cave_tombish

Skill      XL: |  1  2  3  4  5  6  7  8  9 10 11 |
---------------+----------------------------------+-----
Stealth        | 1 2 3 4 5 6 7 9 10 11 | 11.3
Short Blades   | 5 6 8 9 10 11 | 11.3
Dodging        | 4 5 6 7 |  7.6
Fighting       | 3 4 5 6 |  6.8
Throwing       | 3 4 5 6 |  6.0
Spellcasting   | 1 2 3 |  3.7
Hexes          | 1 3 |  3.9
Ice Magic      | 1 2 |  2.9
Conjurations   | 2 |  2.0
Evocations     | |  0.5

Action                   |  1- 3 |  4- 6 |  7- 9 | 10-12 || total
-------------------------+-------+-------+-------+-------++-------
Melee: Rapier            |   110 |   170 |   534 |   397 ||  1211
       Dagger            |       |       |       |   110 ||   110
Throw: Throwing net      |       |     3 |     3 |       ||     6
       Tomahawk          |       |       |     3 |       ||     3
 Cast: Ensorcelled Hiber |       |       |       |    43 ||    43
       Confuse           |       |       |       |     2 ||     2
Invok: Curse Item        |       |       |     1 |       ||     1
 Abil: Evoke Flight      |       |       |     3 |       ||     3
Evoke: Wand              |       |       |       |    13 ||    13
  Use: Scroll            |     8 |       |     7 |     2 ||    17
       Potion            |       |     2 |     1 |       ||     3
 Stab: Sleeping          |     5 |     1 |    23 |    15 ||    44
       Held in net/web   |       |     2 |     3 |       ||     5
       Distracted        |       |       |       |     1 ||     1
       Confused          |       |       |       |     1 ||     1
       Petrifying        |       |       |       |     1 ||     1
       Paralysed         |       |       |       |     1 ||     1
  Eat: Chunk             |    10 |     6 |    13 |    18 ||    47
Armor: Leather armour    |    22 |    35 |       |       ||    57
       Robe              |       |     7 |    71 |    52 ||   130
Dodge: Dodged            |    77 |   159 |   326 |   354 ||   916
